 Dungeon Crawl Stone Soup version 0.24.0-13-gcf9b3192b9 (webtiles) character file.

Game seed: 7971112159355323564, levelgen mode: deterministic

8885 MTVSty1e the Severer (level 11, -7/99 HPs)
             Began as a Minotaur Berserker on Nov 6, 2019.
             Was a High Priest of Trog.
             Shot with an arrow by a centaur warrior (16 damage)
             ... on level 13 of the Dungeon.
             The game lasted 00:17:35 (10748 turns).

MTVSty1e the Severer (Minotaur Berserker)          Turns: 10748, Time: 00:17:35

Health: -7/99      AC: 11    Str: 29    XL:     11   Next: 15%
Magic:  0/10       EV: 14    Int:  4    God:    Trog [*****.]
Gold:   1220       SH:  0    Dex: 12    Spells: 10/10 levels left

rFire    + . .     SeeInvis .   w - +0 battleaxe
rCold    . . .     Gourm    .   (shield currently unavailable)
rNeg     . . .     Faith    .   d - +0 scale mail
rPois    .         Spirit   +   (helmet restricted)
rElec    .         Reflect  .   e - scarf {Spirit}
rCorr    .         Harm     .   r - +1 pair of gloves {Dex+3}
MR       .....                  y - +0 pair of boots
Stlth    ..........             (no amulet)
HPRegen  0.26/turn              z - ring of protection from fire
MPRegen  0.12/turn              h - ring "Guleuzan" {Wiz +Blink Str+3}

@: about to teleport, marked, hasted, very quick
A: retaliatory headbutt, horns 2
a: Berserk, Trog's Hand, Brothers in Arms, Renounce Religion, Evoke Blink


You were on level 13 of the Dungeon.
You worshipped Trog.
Trog was extremely pleased with you.
You were not hungry.

You visited 1 branch of the dungeon, and saw 11 of its levels.
You also visited: Sewer and Bailey.

You collected 1220 gold pieces.

Inventory:

Hand Weapons
 n - a +0 mace of draining
 v - a cursed +3 mace of freezing
 w - a +0 battleaxe (weapon)
 B - a +3 executioner's axe
Armour
 d - a +0 scale mail (worn)
 e - a scarf of spirit shield (worn)
 f - a +1 ring mail
 r - a +1 pair of gloves of dexterity (worn)
 y - a +0 pair of boots (worn)
Jewellery
 h - the ring "Guleuzan" (right hand) {Wiz +Blink Str+3}
   (You found it in a bailey)

   [ring of wizardry]

   It improves your spell success rate.
   It affects your strength (+3).
   It lets you blink.
 m - an uncursed ring of fire
 t - an uncursed amulet of rage
 z - a ring of protection from fire (left hand)
Wands
 k - a wand of iceblast (5)
Scrolls
 g - 2 scrolls of teleportation
 i - 7 scrolls of remove curse
 x - a scroll of identify
 A - a scroll of immolation
Potions
 a - a potion of resistance
 l - 2 potions of might
 o - a potion of mutation
 p - a potion of agility
 q - 2 potions of invisibility
 s - 2 potions of brilliance
 u - a potion of berserk rage
Comestibles
 c - 15 rations


   Skills:
 + Level 9.7 Fighting
 * Level 16.5 Axes
 + Level 7.3 Armour
 + Level 6.7 Dodging


You had 10 spell levels left.
You didn't know any spells.
Your spell library was empty.

Dungeon Overview and Level Annotations

Branches:
Dungeon (10/15)            Temple (0/1) D:5           Sewer (visited)
 Bailey (visited)
   Lair: D:8-11         Orc: D:9-12

Altars:
Ashenzari
Dithmenos
Elyvilon
Fedhas
Nemelex Xobeh
Sif Muna
Trog
Wu Jian
Yredelemnul

Shops:
D:4 %

Annotations:
D:4 2 transporters, grouchysmurf's ghost, amateur MiBe


Innate Abilities, Weirdness & Mutations

You reflexively headbutt those who attack you in melee.
You have a pair of horns on your head.


Message History

The centaur warrior shoots an arrow.
The arrow hits you.
* * * LOW HITPOINT WARNING * * *
A centaur comes into view.
You see here an arrow.
The centaur warrior shoots an arrow.
The arrow closely misses you.
You see here an arrow.
The centaur warrior shoots an arrow.
The arrow barely misses you.
The centaur warrior shoots an arrow.
The arrow hits you!
* * * LOW HITPOINT WARNING * * *
You see here 2 arrows.
The centaur wields a +0 shortbow.
The centaur shoots an arrow.
The arrow closely misses you.
You see here an arrow.
As you read the scroll of teleportation, it crumbles to dust.
You feel strangely unstable.
You feel yourself speed up.
The centaur warrior shoots an arrow.
The arrow hits you.
* * * LOW HITPOINT WARNING * * *
The centaur warrior shoots an arrow.
The arrow hits you!
You die...

#.H.........
#c##.###≈.≈
#c##.#
#c##......≈.
#.#######.##
#(# #(# #(#
#@# #.# #.#
#.. ###


You could see a centaur warrior and 2 centaurs.

Vanquished Creatures
  An orc knight (Bailey)
  Joseph (D:7)
  A troll (D:9)
  Grinder (D:5)
  Prince Ribbit (D:9)
  8 yaks (D:9)
  3 orc warriors (Bailey)
  3 ice beasts
  A black bear (D:8)
  3 sky beasts
  A phantom (D:7)
  8 ogres
  A necrophage (D:8)
  7 centaurs
  A big kobold (D:7)
  2 bullfrogs
  A crocodile (Sewer)
  Blork the orc (D:4)
  5 scorpions
  16 wights
  28 killer bees
  A howler monkey (D:9)
  4 crimson imps
  3 hounds
  A centaur zombie (D:5)
  4 orc priests
  A centaur skeleton (D:5)
  3 jellies
  A bullfrog skeleton (D:5)
  2 iguanas
  8 orc wizards
  11 worker ants
  2 hound skeletons
  4 gnolls
  15 adders
  4 shadow imps
  2 oozes
  An adder zombie (D:7)
  2 adder skeletons
  A worm (D:2)
  4 dart slugs
  3 leopard geckos
  20 orcs
  2 ball pythons
  8 bats
  6 giant cockroaches
  18 goblins
  8 hobgoblins
  12 jackals
  4 quokkas
  2 frilled lizards (D:1)
  25 kobolds
  A leopard gecko skeleton (D:7)
  A quokka skeleton (D:7)
  A quokka zombie (D:5)
  3 rats
  A spectral orc (D:3)
283 creatures vanquished.

Vanquished Creatures (others)
  A quokka (D:8)
  6 plants (D:4)
7 creatures vanquished.

Grand Total: 290 creatures vanquished

Notes
Turn   | Place    | Note
-------+----------+-------------------------------------------
     0 | D:1      | MTVSty1e the Minotaur Berserker began the quest for the
                  | Orb.
     0 | D:1      | Reached XP level 1. HP: 19/19 MP: 0/0
   101 | D:1      | Reached skill level 4 in Axes
   305 | D:1      | Reached XP level 2. HP: 26/26 MP: 1/1
   807 | D:2      | Reached skill level 5 in Axes
   808 | D:2      | Reached XP level 3. HP: 23/31 MP: 2/2
  1113 | D:2      | Reached ** piety under Trog
  1385 | D:2      | Reached skill level 6 in Axes
  1385 | D:2      | Reached XP level 4. HP: 34/39 MP: 3/3
  1838 | D:3      | Found a basalt altar of Yredelemnul.
  1864 | D:3      | Found a faded altar of an unknown god.
  1942 | D:3      | Reached skill level 7 in Axes
  1942 | D:3      | Reached XP level 5. HP: 12/45 MP: 2/4
  2350 | D:3      | Found a glowing drain.
  2363 | Sewer    | Entered a sewer
  2488 | Sewer    | Noticed a crocodile
  2493 | Sewer    | Reached skill level 15 in Axes
  2493 | Sewer    | Reached XP level 6. HP: 46/51 MP: 5/5
  2871 | D:4      | Reached XP level 7. HP: 47/59 MP: 4/6
  2909 | D:4      | Reached *** piety under Trog
  3186 | D:4      | Found a shadowy altar of Dithmenos.
  3407 | D:4      | Found a transporter.
  3412 | D:4      | Found a transporter.
  3428 | D:4      | Noticed grouchysmurf's ghost (amateur MiBe)
  3471 | D:4      | Noticed Blork the orc
  3479 | D:4      | Killed Blork the orc
  3580 | D:4      | Found Poheot's Food Boutique.
  3943 | D:4      | Found Ilit Zoafomm's Antique Weapon Boutique.
  4143 | D:5      | Entered Level 5 of the Dungeon
  4172 | D:5      | Reached skill level 5 in Fighting
  4182 | D:5      | Found a shimmering blue altar of Sif Muna.
  4325 | D:5      | Found a blossoming altar of Fedhas.
  4393 | D:5      | Reached XP level 8. HP: 53/68 MP: 5/7
  4471 | D:5      | Noticed Grinder
  4514 | D:5      | Killed Grinder
  4749 | D:5      | Found a sparkling altar of Nemelex Xobeh.
  4780 | D:5      | Found a staircase to the Ecumenical Temple.
  5136 | D:6      | HP: 5/105 [wight/+3 scimitar (13)]
  5136 | D:6      | HP: 2/105 [wight/+3 scimitar (3)]
  5714 | D:6      | Reached XP level 9. HP: 53/78 MP: 5/8
  5829 | D:6      | Found a bloodstained altar of Trog.
  6293 | D:7      | Reached **** piety under Trog
  6662 | D:7      | Reached skill level 5 in Armour
  7334 | D:7      | Found an ornate altar of the Wu Jian Council.
  7455 | D:7      | Noticed Joseph
  7470 | D:7      | Killed Joseph
  7470 | D:7      | Reached skill level 5 in Dodging
  7476 | D:7      | Reached XP level 10. HP: 60/88 MP: 5/9
  7762 | D:8      | Found a flagged portal.
  7771 | Bailey   | Entered a bailey
  7793 | Bailey   | Noticed an orc knight
  7800 | Bailey   | Killed an orc knight
  8279 | Bailey   | Got a vibrating bone ring
  8449 | Bailey   | Identified the ring "Guleuzan" {Wiz +Blink Str+3} (You
                  | found it in a bailey)
  8615 | D:8      | Reached ***** piety under Trog
  8742 | D:8      | Found a shattered altar of Ashenzari.
  8911 | D:8      | Found a white marble altar of Elyvilon.
  8915 | D:8      | Reached skill level 16 in Axes
 10021 | D:9      | Reached XP level 11. HP: 84/97 MP: 7/10
 10479 | D:9      | Found a blossoming altar of Fedhas.
 10659 | D:9      | Noticed Prince Ribbit
 10663 | D:9      | Killed Prince Ribbit
 10681 | D:10     | Entered Level 10 of the Dungeon
 10715 | D:10     | You fall into a shaft and drop 3 floors!
 10735 | D:13     | Noticed a centaur warrior
 10748 | D:13     | Shot with an arrow by a centaur warrior

Levels and vault maps discovered:
D:1:      arrival_zaba_pyramid, layout_basic
D:2:      layout_basic, first_ration
D:3:      layout_rooms, yredelemnul_forgotten_temple_becter,
          portal_sewer_entry_d, chequers_ecumenical_altar_simple_redux,
          kennysheep_generic_room_2
D:4:      minmay_general_purpose_star, layout_basic, lemuel_doored_altar,
          serial_shops, shop, kennysheep_mini_moat,
          gammafunk_ghost_gnarly_gnolls, uniq_blork_the_orc
D:5:      layout_basic, kennysheep_little_box, fedhas_altar_2,
          minmay_temple_entry_overgrown, nemelex_dance_club_becter, uniq_grinder
D:6:      layout_rooms, nicolae_overflow_crystal_walls
D:7:      minmay_bubble_buster, layout_basic, overflow_temple_1_default,
          uniq_joseph
D:8:      layout_basic, lemuel_round_altar, elyvilon_altar_4, enter_bailey_7
D:9:      kennysheep_blocky_room, layout_irregular_city, basic_altar,
          david_nohive_1, uniq_prince_ribbit1
D:10:     layout_long_grid, gammafunk_ghost_wrathful_warriors,
          minmay_another_anthill, uniq_josephine
D:13:     layout_basic, gauntlet_entry_generic, kennysheep_decorative_pillar,
          uniq_kirke

Skill      XL: |  1  2  3  4  5  6  7  8  9 10 |
---------------+-------------------------------+-----
Axes           | 4 5 6 7 15 16 | 16.5
Fighting       | 4 5 6 8 9 |  9.7
Armour         | 3 4 5 7 |  7.3
Dodging        | 3 4 5 6 |  6.7

Action                   |  1- 3 |  4- 6 |  7- 9 | 10-12 || total
-------------------------+-------+-------+-------+-------++-------
Melee: Hand axe          |    63 |    81 |   159 |       ||   303
       Headbutt          |     4 |    17 |    60 |    36 ||   117
       Battleaxe         |       |       |   127 |   217 ||   344
Invok: Berserk           |       |     1 |     2 |     1 ||     4
       Trog's Hand       |       |       |     1 |       ||     1
 Abil: Evoke Blink       |       |       |       |     2 ||     2
  Use: Scroll            |       |    12 |     5 |    13 ||    30
       Potion            |       |     1 |     3 |     4 ||     8
  Eat: Ration            |     1 |     1 |     4 |     3 ||     9
       Chunk             |       |       |     3 |     2 ||     5
Armor: Ring mail         |    17 |    23 |    40 |    14 ||    94
       Scale mail        |       |       |       |    99 ||    99
Dodge: Dodged            |    40 |    42 |   152 |   234 ||   468
